[ PARTIDA AOE2 · #468733111 ]
Team RMTurcos vs Khmer
[ ANÁLISIS DE REPETICIÓN · EXTRAÍDO DE LA PARTIDA GRABADA ]
Feudal
13:11
Castillos
29:20
Imperial
41:11
| APM promedio | 8.9 |
| APM pico | 22 |
| eAPM promedio | 6.2 |
| Aldeanos / militares | 91 / 197 |
Foco
⚔️ 31.9% · 🌾 68.1%
Knight ×76 · Janissary ×74 · Spearman ×34 · Bombard Cannon ×9 · Monk ×2 · Militia ×2
Feudal
12:12
Castillos
21:32
Imperial
43:35
| APM promedio | 13.1 |
| APM pico | 62 |
| eAPM promedio | 9.8 |
| Aldeanos / militares | 90 / 86 |
Foco
⚔️ 24.1% · 🌾 75.9%
Spearman ×41 · Knight ×30 · Cataphract ×11 · Trebuchet (Packed) ×4 · Trade Cart ×3
Feudal
11:12
Castillos
20:01
Imperial
33:52
| APM promedio | 17.2 |
| APM pico | 67 |
| eAPM promedio | 12.5 |
| Aldeanos / militares | 141 / 218 |
Foco
⚔️ 27.5% · 🌾 72.5%
Ballista Elephant ×119 · Scout Cavalry ×86 · Trade Cart ×19 · Monk ×8 · Trebuchet (Packed) ×5
Feudal
12:46
Castillos
31:25
Imperial
44:07
| APM promedio | 19.0 |
| APM pico | 85 |
| eAPM promedio | 16.7 |
| Aldeanos / militares | 97 / 468 |
Foco
⚔️ 57.6% · 🌾 42.4%
Spearman ×231 · Skirmisher ×139 · Gbeto ×51 · Mangonel ×19 · Bombard Cannon ×10 · Scorpion ×8
Feudal
16:09
Castillos
27:05
Imperial
47:23
| APM promedio | 15.1 |
| APM pico | 85 |
| eAPM promedio | 12.3 |
| Aldeanos / militares | 116 / 140 |
Foco
⚔️ 35.6% · 🌾 64.4%
Cavalry Archer ×107 · Skirmisher ×17 · Monk ×5 · Throwing Axeman ×5 · Trade Cart ×4 · Militia ×3
Feudal
11:03
Castillos
23:52
Imperial
33:57
| APM promedio | 13.5 |
| APM pico | 99 |
| eAPM promedio | 10.9 |
| Aldeanos / militares | 107 / 240 |
Foco
⚔️ 51.1% · 🌾 48.9%
Knight ×230 · Trade Cart ×21 · Monk ×6 · Trebuchet (Packed) ×4
Feudal
—
Castillos
—
Imperial
—
| APM promedio | 4.9 |
| APM pico | 20 |
| eAPM promedio | 4.0 |
| Aldeanos / militares | 109 / 65 |
Foco
⚔️ 31.2% · 🌾 68.8%
Archer ×32 · War Elephant ×28 · Trade Cart ×12 · Knight ×5
Feudal
—
Castillos
—
Imperial
—
| APM promedio | 21.4 |
| APM pico | 45 |
| eAPM promedio | 13.5 |
| Aldeanos / militares | 136 / 578 |
Foco
⚔️ 45.3% · 🌾 54.7%
Spearman ×339 · Skirmisher ×181 · Archer ×27 · Scout Cavalry ×12 · Camel Scout ×10 · Battering Ram ×8
Mapa de la partida
Recursos iniciales + cada clic de construcción. Líneas = muros · curvas = relieve. ◆ oro · ⬟ piedra · ● bayas · ✦ reliquia · ◌ hueco del cierre
Tu base· ✓ Cerrada en 29:20 · 19t muro · 1 puerta(s)
Base de Terric· ✓ Cerrada en 21:32 · 11t muro · sin puerta
Base de kichakick98· ✓ Cerrada en 20:01 · 0t muro · sin puerta
Base de HardPain94· ✓ Cerrada en 31:25 · 76t muro · 2 puerta(s)
Base de starfox· ✓ Cerrada en 27:05 · 0t muro · sin puerta
Base de Pikothh· ✓ Cerrada en 23:52 · 0t muro · sin puerta
Base de TheJeffreysKill· ✓ Cerrada en 29:19 · 31t muro · 1 puerta(s)
Base de FalteringHarpy5· ✓ Cerrada en 18:32 · 23t muro · sin puerta
Terreno inicial suavizado · ◌ = hueco del cierre detectado · pasá el cursor para detalles
Inputs por minuto
— eminaltntss - - Terric
Build order — eminaltntss
Primeras 150 de 236 acciones detectadas
| 0:09 | Crear | Villager (Male) ×4 |
| 0:10 | Crear | Villager (Male) ×4 |
| 0:20 | Construir | House |
| 1:01 | Construir | Palisade Wall |
| 1:41 | Crear | Villager (Male) |
| 1:41 | Crear | Villager (Male) |
| 2:21 | Crear | Villager (Male) |
| 2:30 | Construir | House |
| 2:43 | Construir | House |
| 2:52 | Crear | Villager (Male) |
| 3:18 | Construir | House |
| 3:22 | Crear | Villager (Male) |
| 3:49 | Crear | Villager (Male) |
| 4:03 | Crear | Villager (Male) |
| 4:29 | Crear | Villager (Male) |
| 5:15 | Construir | Mill |
| 5:58 | Crear | Villager (Male) |
| 5:59 | Crear | Villager (Male) |
| 5:59 | Crear | Villager (Male) |
| 7:22 | Construir | Barracks |
| 7:27 | Crear | Villager (Male) |
| 7:27 | Crear | Villager (Male) |
| 7:27 | Crear | Villager (Male) |
| 7:28 | Crear | Villager (Male) |
| 8:26 | Crear | Villager (Male) |
| 8:26 | Crear | Villager (Male) |
| 8:26 | Crear | Villager (Male) |
| 9:04 | Crear | Militia |
| 9:05 | Crear | Militia |
| 9:39 | Construir | House |
| 9:46 | Construir | House |
| 9:59 | Construir | Lumber Camp |
| 11:01 | Investigar | Feudal Age |
| 11:16 | Construir | Mining Camp |
| 12:10 | Construir | House |
| 13:11 | Edad | Edad Feudal |
| 13:24 | Construir | Watch Tower |
| 13:56 | Construir | Stable |
| 14:03 | Construir | Archery Range |
| 14:30 | Investigar | Double-Bit Axe |
| 14:32 | Investigar | Horse Collar |
| 14:51 | Construir | Stone Wall |
| 15:00 | Construir | Gate |
| 15:19 | Construir | Farm |
| 15:20 | Construir | Farm |
| 15:21 | Construir | Farm |
| 15:23 | Construir | Farm |
| 15:24 | Construir | Farm |
| 15:27 | Crear | Villager (Male) ×5 |
| 15:27 | Crear | Villager (Male) ×5 |
| 15:43 | Construir | Blacksmith |
| 16:03 | Construir | Farm |
| 16:24 | Construir | Lumber Camp |
| 16:34 | Construir | Mining Camp |
| 16:53 | Construir | House |
| 16:54 | Construir | House |
| 16:56 | Construir | House |
| 16:57 | Construir | House |
| 17:16 | Construir | Farm |
| 17:53 | Crear | Villager (Male) |
| 17:53 | Crear | Villager (Male) |
| 17:53 | Crear | Villager (Male) |
| 17:53 | Crear | Villager (Male) |
| 18:04 | Construir | Farm |
| 18:35 | Construir | Market |
| 18:50 | Construir | Farm |
| 19:00 | Crear | Villager (Male) |
| 19:01 | Crear | Villager (Male) |
| 19:01 | Crear | Villager (Male) |
| 19:48 | Construir | Farm |
| 19:49 | Construir | Farm |
| 20:04 | Crear | Trade Cart |
| 20:04 | Crear | Trade Cart |
| 20:36 | Construir | Farm |
| 20:37 | Construir | Farm |
| 20:56 | Construir | Farm |
| 21:03 | Investigar | Forging |
| 21:06 | Investigar | Fletching |
| 21:08 | Investigar | Padded Archer Armor |
| 22:00 | Investigar | Wheelbarrow |
| 22:18 | Construir | Farm |
| 22:19 | Construir | Farm |
| 22:20 | Construir | Farm |
| 23:20 | Crear | Villager (Male) ×5 |
| 23:20 | Crear | Villager (Male) ×5 |
| 23:20 | Crear | Villager (Male) ×3 |
| 23:49 | Construir | Farm |
| 23:50 | Construir | Farm |
| 23:58 | Construir | Farm |
| 24:16 | Construir | Mining Camp |
| 24:19 | Investigar | Stone Mining |
| 24:23 | Investigar | Gold Mining |
| 24:32 | Investigar | Scale Mail Armor |
| 25:08 | Construir | House |
| 25:10 | Construir | House |
| 25:11 | Construir | House |
| 25:12 | Construir | House |
| 25:13 | Construir | House |
| 25:35 | Construir | Farm |
| 26:05 | Construir | Archery Range |
| 26:09 | Construir | Archery Range |
| 26:34 | Construir | Stable |
| 26:40 | Investigar | Castle Age |
| 26:50 | Construir | Farm |
| 28:14 | Investigar | Scale Barding Armor |
| 29:20 | Edad | Edad de los Castillos |
| 29:30 | Construir | Castle |
| 29:35 | Investigar | Hand Cart |
| 29:36 | Crear | Villager (Male) ×5 |
| 29:37 | Crear | Villager (Male) ×5 |
| 29:37 | Crear | Villager (Male) ×5 |
| 29:47 | Investigar | Bow Saw |
| 30:11 | Investigar | Gold Shaft Mining |
| 30:37 | Construir | University |
| 31:11 | Construir | Town Center |
| 31:32 | Investigar | Husbandry |
| 31:34 | Investigar | Bloodlines |
| 31:53 | Investigar | Sipahi |
| 32:13 | Investigar | Ballistics |
| 32:15 | Investigar | Fortified Wall (upgrade) |
| 33:11 | Construir | Farm |
| 33:12 | Construir | Farm |
| 33:14 | Construir | Farm |
| 33:48 | Construir | Lumber Camp |
| 33:53 | Crear | Villager (Male) ×5 |
| 33:54 | Crear | Villager (Male) ×5 |
| 33:54 | Crear | Villager (Male) ×5 |
| 33:54 | Crear | Villager (Male) ×5 |
| 34:11 | Investigar | Heavy Plow |
| 35:10 | Crear | Knight ×5 |
| 35:11 | Crear | Knight ×5 |
| 35:11 | Crear | Knight ×5 |
| 35:46 | Construir | Farm |
| 35:47 | Construir | Farm |
| 35:49 | Construir | Farm |
| 36:18 | Construir | Siege Workshop |
| 36:27 | Construir | Farm |
| 36:36 | Construir | Farm |
| 36:38 | Construir | Farm |
| 36:54 | Construir | Monastery |
| 37:22 | Construir | Farm |
| 37:47 | Construir | Farm |
| 38:01 | Investigar | Imperial Age |
| 38:29 | Investigar | Man-at-Arms (upgrade) |
| 38:53 | Construir | Mining Camp |
| 39:16 | Investigar | Long Swordsman (upgrade) |
| 39:18 | Investigar | Iron Casting |
| 39:23 | Investigar | Leather Archer Armor |
| 39:23 | Investigar | Bodkin Arrow |
| 39:24 | Investigar | Chain Mail Armor |
Build order — Terric
Primeras 150 de 306 acciones detectadas
| 0:11 | Construir | House |
| 0:13 | Construir | House |
| 0:16 | Crear | Villager (Male) ×4 |
| 0:17 | Crear | Villager (Male) ×4 |
| 1:35 | Investigar | Loom |
| 1:35 | Investigar | Loom |
| 1:35 | Investigar | Loom |
| 1:46 | Crear | Villager (Male) |
| 1:47 | Crear | Villager (Male) |
| 2:28 | Construir | Palisade Wall |
| 2:51 | Crear | Villager (Male) |
| 2:51 | Crear | Villager (Male) |
| 2:52 | Crear | Villager (Male) |
| 3:41 | Crear | Villager (Male) |
| 3:41 | Crear | Villager (Male) |
| 3:42 | Crear | Villager (Male) |
| 4:58 | Construir | Mill |
| 5:11 | Crear | Villager (Male) ×4 |
| 5:11 | Crear | Villager (Male) ×4 |
| 5:26 | Construir | House |
| 6:24 | Crear | Villager (Male) |
| 6:24 | Crear | Villager (Male) |
| 6:24 | Crear | Villager (Male) |
| 6:24 | Crear | Villager (Male) |
| 6:35 | Construir | House |
| 7:04 | Construir | Lumber Camp |
| 7:55 | Crear | Villager (Male) |
| 7:56 | Crear | Villager (Male) |
| 8:54 | Crear | Villager (Male) |
| 8:54 | Crear | Villager (Male) |
| 9:36 | Crear | Villager (Male) |
| 9:37 | Crear | Villager (Male) |
| 9:40 | Construir | Mining Camp |
| 10:02 | Investigar | Feudal Age |
| 10:03 | Investigar | Feudal Age |
| 11:41 | Crear | Villager (Male) |
| 12:12 | Edad | Edad Feudal |
| 12:34 | Crear | Villager (Male) |
| 12:35 | Crear | Villager (Male) |
| 12:40 | Construir | Mining Camp |
| 12:55 | Investigar | Horse Collar |
| 12:55 | Investigar | Horse Collar |
| 12:58 | Investigar | Double-Bit Axe |
| 12:58 | Investigar | Double-Bit Axe |
| 13:05 | Crear | Villager (Male) |
| 13:05 | Crear | Villager (Male) |
| 13:30 | Construir | Stone Wall |
| 13:37 | Construir | House |
| 13:37 | Construir | House |
| 13:50 | Construir | House |
| 14:11 | Construir | Farm |
| 14:11 | Construir | Farm |
| 14:11 | Construir | Farm |
| 14:12 | Construir | Farm |
| 14:12 | Construir | Farm |
| 14:12 | Construir | Farm |
| 14:12 | Construir | Farm |
| 14:12 | Construir | Farm |
| 14:13 | Construir | Farm |
| 14:13 | Construir | Farm |
| 14:41 | Crear | Villager (Male) |
| 14:41 | Crear | Villager (Male) |
| 15:36 | Construir | Farm |
| 15:37 | Construir | Farm |
| 15:39 | Construir | Farm |
| 15:41 | Crear | Villager (Male) |
| 15:41 | Crear | Villager (Male) |
| 15:56 | Construir | Farm |
| 15:57 | Construir | Farm |
| 17:07 | Crear | Villager (Male) |
| 17:07 | Crear | Villager (Male) |
| 17:48 | Construir | Blacksmith |
| 17:53 | Construir | Market |
| 17:58 | Construir | Farm |
| 18:16 | Crear | Villager (Male) |
| 18:16 | Crear | Villager (Male) |
| 18:43 | Construir | Farm |
| 18:52 | Investigar | Castle Age |
| 18:52 | Investigar | Castle Age |
| 19:36 | Construir | Barracks |
| 19:57 | Investigar | Stone Mining |
| 20:00 | Investigar | Gold Mining |
| 20:19 | Construir | Barracks |
| 20:47 | Crear | Villager (Male) |
| 20:47 | Crear | Villager (Male) |
| 21:32 | Edad | Edad de los Castillos |
| 21:52 | Construir | Town Center |
| 22:05 | Construir | Town Center |
| 22:08 | Investigar | Bow Saw |
| 22:09 | Investigar | Bow Saw |
| 22:11 | Investigar | Heavy Plow |
| 22:11 | Investigar | Heavy Plow |
| 22:33 | Crear | Villager (Male) |
| 22:33 | Crear | Villager (Male) |
| 23:13 | Crear | Villager (Male) |
| 23:13 | Crear | Villager (Male) |
| 23:22 | Investigar | Wheelbarrow |
| 23:23 | Investigar | Wheelbarrow |
| 23:26 | Crear | Villager (Male) |
| 23:26 | Crear | Villager (Male) |
| 23:29 | Crear | Villager (Male) ×5 |
| 23:49 | Construir | University |
| 23:55 | Crear | Villager (Male) |
| 23:55 | Crear | Villager (Male) |
| 24:00 | Crear | Villager (Male) |
| 24:00 | Crear | Villager (Male) |
| 24:35 | Investigar | Fortified Wall (upgrade) |
| 24:43 | Crear | Villager (Male) |
| 24:43 | Crear | Villager (Male) |
| 24:46 | Crear | Villager (Male) |
| 25:01 | Construir | Stable |
| 25:02 | Construir | Stable |
| 25:07 | Construir | Farm |
| 25:11 | Crear | Villager (Male) |
| 25:33 | Construir | House |
| 25:33 | Construir | House |
| 25:33 | Construir | House |
| 25:39 | Investigar | Gold Shaft Mining |
| 25:39 | Investigar | Gold Shaft Mining |
| 26:01 | Investigar | Husbandry |
| 26:01 | Investigar | Husbandry |
| 26:13 | Crear | Villager (Male) |
| 26:13 | Crear | Villager (Male) |
| 26:35 | Crear | Villager (Male) |
| 26:35 | Crear | Villager (Male) |
| 26:45 | Crear | Knight |
| 26:45 | Crear | Knight |
| 26:45 | Crear | Knight |
| 26:50 | Construir | Farm |
| 27:02 | Construir | Farm |
| 27:05 | Crear | Villager (Male) |
| 27:10 | Crear | Villager (Male) |
| 27:11 | Crear | Villager (Male) |
| 27:17 | Crear | Villager (Male) |
| 27:18 | Crear | Villager (Male) |
| 27:37 | Construir | Farm |
| 27:42 | Construir | Farm |
| 28:00 | Construir | Farm |
| 28:13 | Construir | Farm |
| 28:19 | Construir | Stable |
| 28:36 | Construir | Stone Wall |
| 28:56 | Construir | Gate |
| 29:09 | Crear | Knight |
| 29:09 | Crear | Knight |
| 29:13 | Crear | Villager (Male) |
| 29:13 | Crear | Villager (Male) |
| 29:15 | Investigar | Hand Cart |
| 29:15 | Investigar | Hand Cart |
| 29:28 | Crear | Knight ×5 |
| 29:34 | Investigar | Treadmill Crane |
Build order — kichakick98
Primeras 150 de 379 acciones detectadas
| 0:05 | Crear | Villager (Male) ×4 |
| 0:10 | Construir | House |
| 0:11 | Construir | House |
| 0:15 | Construir | House |
| 1:48 | Crear | Villager (Male) |
| 2:18 | Crear | Villager (Male) |
| 2:38 | Crear | Villager (Male) |
| 3:04 | Crear | Villager (Male) |
| 3:10 | Crear | Villager (Male) |
| 3:53 | Crear | Villager (Male) |
| 4:05 | Crear | Villager (Male) |
| 4:15 | Crear | Villager (Male) |
| 4:42 | Crear | Villager (Male) |
| 5:33 | Crear | Villager (Male) |
| 5:53 | Construir | Mill |
| 6:11 | Crear | Villager (Male) |
| 6:18 | Crear | Villager (Male) |
| 7:02 | Crear | Villager (Male) |
| 7:20 | Construir | House |
| 7:30 | Crear | Villager (Male) |
| 7:42 | Crear | Villager (Male) |
| 8:54 | Crear | Villager (Male) |
| 8:58 | Crear | Villager (Male) |
| 9:02 | Investigar | Feudal Age |
| 9:03 | Crear | Villager (Male) |
| 9:04 | Crear | Villager (Male) |
| 9:20 | Construir | Farm |
| 10:22 | Construir | Lumber Camp |
| 11:12 | Edad | Edad Feudal |
| 11:48 | Construir | Farm |
| 11:50 | Construir | Farm |
| 12:13 | Investigar | Wheelbarrow |
| 12:14 | Crear | Villager (Male) |
| 12:16 | Crear | Villager (Male) |
| 12:41 | Construir | Mining Camp |
| 12:51 | Construir | Farm |
| 12:57 | Construir | House |
| 13:09 | Construir | House |
| 13:20 | Investigar | Double-Bit Axe |
| 13:45 | Construir | Farm |
| 13:46 | Construir | Farm |
| 13:56 | Construir | Farm |
| 13:57 | Construir | Farm |
| 14:07 | Crear | Villager (Male) |
| 14:28 | Crear | Villager (Male) |
| 14:44 | Construir | Farm |
| 14:45 | Construir | Farm |
| 14:46 | Construir | Farm |
| 14:48 | Construir | Farm |
| 14:56 | Investigar | Horse Collar |
| 15:09 | Crear | Villager (Male) |
| 15:15 | Construir | Farm |
| 15:20 | Crear | Villager (Male) |
| 15:27 | Construir | Farm |
| 15:37 | Crear | Villager (Male) |
| 15:46 | Crear | Villager (Male) |
| 16:03 | Construir | Farm |
| 16:04 | Crear | Villager (Male) |
| 16:11 | Crear | Villager (Male) |
| 16:27 | Construir | Farm |
| 16:43 | Construir | Farm |
| 16:52 | Construir | Farm |
| 17:18 | Investigar | Loom |
| 17:21 | Investigar | Castle Age |
| 17:35 | Construir | Mining Camp |
| 17:48 | Construir | House |
| 17:53 | Crear | Villager (Male) |
| 17:53 | Crear | Villager (Male) |
| 18:09 | Crear | Villager (Male) |
| 18:14 | Investigar | Stone Mining |
| 18:17 | Investigar | Gold Mining |
| 18:28 | Crear | Villager (Male) |
| 18:54 | Crear | Villager (Male) |
| 19:13 | Investigar | Loom |
| 19:17 | Crear | Villager (Male) ×5 |
| 19:37 | Construir | Market |
| 19:47 | Construir | Blacksmith |
| 20:01 | Edad | Edad de los Castillos |
| 20:35 | Construir | Town Center |
| 21:30 | Crear | Villager (Male) ×5 |
| 21:33 | Crear | Villager (Male) |
| 21:37 | Construir | Farm |
| 21:38 | Construir | Farm |
| 22:02 | Construir | Farm |
| 22:06 | Crear | Villager (Male) |
| 22:07 | Crear | Villager (Male) |
| 22:11 | Construir | Farm |
| 22:26 | Crear | Villager (Male) |
| 22:36 | Construir | Farm |
| 22:40 | Construir | Farm |
| 23:16 | Construir | Mining Camp |
| 23:27 | Construir | House |
| 23:30 | Construir | House |
| 23:32 | Construir | House |
| 23:56 | Construir | Castle |
| 24:07 | Crear | Villager (Male) |
| 24:08 | Crear | Villager (Male) |
| 24:08 | Crear | Villager (Male) |
| 24:10 | Crear | Villager (Male) |
| 24:10 | Crear | Villager (Male) |
| 24:16 | Crear | Villager (Male) |
| 24:20 | Investigar | Gold Shaft Mining |
| 24:20 | Investigar | Stone Shaft Mining |
| 24:25 | Investigar | Scale Barding Armor |
| 24:27 | Investigar | Fletching |
| 24:27 | Investigar | Padded Archer Armor |
| 24:28 | Investigar | Forging |
| 24:28 | Investigar | Scale Mail Armor |
| 24:46 | Construir | Mining Camp |
| 25:12 | Crear | Villager (Male) |
| 25:19 | Crear | Villager (Male) |
| 25:21 | Crear | Villager (Male) |
| 25:22 | Crear | Villager (Male) |
| 25:29 | Investigar | Bow Saw |
| 25:41 | Investigar | Heavy Plow |
| 26:03 | Construir | Farm |
| 26:06 | Crear | Villager (Male) |
| 26:08 | Crear | Villager (Male) |
| 26:17 | Crear | Ballista Elephant ×5 |
| 26:32 | Crear | Villager (Male) |
| 26:34 | Crear | Villager (Male) |
| 26:35 | Crear | Villager (Male) |
| 26:37 | Crear | Villager (Male) |
| 26:39 | Crear | Villager (Male) |
| 26:45 | Construir | Farm |
| 26:46 | Construir | Farm |
| 26:47 | Construir | Farm |
| 26:51 | Construir | Farm |
| 26:57 | Construir | Farm |
| 27:01 | Crear | Villager (Male) |
| 27:29 | Crear | Ballista Elephant |
| 27:37 | Crear | Villager (Male) |
| 27:37 | Crear | Villager (Male) |
| 27:39 | Crear | Villager (Male) |
| 27:44 | Investigar | Hand Cart |
| 27:44 | Crear | Villager (Male) |
| 27:44 | Crear | Villager (Male) |
| 27:45 | Crear | Villager (Male) |
| 27:50 | Investigar | Town Watch |
| 27:50 | Crear | Villager (Male) |
| 27:50 | Crear | Villager (Male) |
| 27:51 | Crear | Villager (Male) |
| 27:51 | Crear | Villager (Male) |
| 28:17 | Construir | Town Center |
| 28:26 | Crear | Villager (Male) |
| 28:26 | Crear | Villager (Male) |
| 28:27 | Crear | Villager (Male) |
| 28:29 | Crear | Villager (Male) |
| 29:23 | Crear | Villager (Male) |
| 29:24 | Crear | Villager (Male) |
Build order — HardPain94
Primeras 150 de 785 acciones detectadas
| 0:09 | Crear | Villager (Male) |
| 0:09 | Investigar | Loom |
| 0:10 | Crear | Villager (Male) |
| 0:10 | Crear | Villager (Male) |
| 0:10 | Crear | Villager (Male) |
| 0:11 | Crear | Villager (Male) |
| 0:22 | Construir | House |
| 0:23 | Construir | House |
| 0:26 | Construir | House |
| 0:28 | Construir | House |
| 1:15 | Construir | Palisade Wall |
| 2:16 | Construir | Palisade Wall |
| 2:44 | Crear | Villager (Male) |
| 3:27 | Construir | Outpost |
| 3:35 | Crear | Villager (Male) |
| 4:01 | Crear | Villager (Male) |
| 4:31 | Crear | Villager (Male) |
| 4:42 | Crear | Villager (Male) |
| 5:04 | Construir | Mill |
| 5:16 | Crear | Villager (Male) |
| 5:34 | Crear | Villager (Male) |
| 6:19 | Crear | Villager (Male) |
| 6:50 | Crear | Villager (Male) |
| 7:01 | Crear | Villager (Male) |
| 7:25 | Construir | Lumber Camp |
| 7:31 | Crear | Villager (Male) |
| 7:41 | Crear | Villager (Male) |
| 7:42 | Crear | Villager (Male) |
| 8:09 | Crear | Villager (Male) |
| 8:58 | Crear | Villager (Male) |
| 9:32 | Crear | Villager (Male) |
| 9:39 | Crear | Villager (Male) |
| 9:51 | Construir | House |
| 9:55 | Construir | House |
| 10:20 | Crear | Villager (Male) |
| 10:34 | Investigar | Feudal Age |
| 10:53 | Crear | Villager (Male) |
| 10:59 | Construir | House |
| 11:02 | Construir | House |
| 11:04 | Construir | House |
| 11:07 | Construir | House |
| 11:20 | Crear | Villager (Male) |
| 11:21 | Crear | Villager (Male) |
| 11:41 | Crear | Villager (Male) |
| 11:54 | Construir | Mining Camp |
| 12:46 | Edad | Edad Feudal |
| 12:48 | Construir | Mining Camp |
| 12:59 | Construir | Stone Wall |
| 13:12 | Construir | Outpost |
| 13:17 | Crear | Villager (Male) |
| 13:25 | Investigar | Town Watch |
| 13:25 | Investigar | Wheelbarrow |
| 13:29 | Crear | Villager (Male) |
| 13:29 | Crear | Villager (Male) |
| 13:30 | Crear | Villager (Male) |
| 13:40 | Construir | Outpost |
| 13:44 | Construir | Outpost |
| 13:54 | Investigar | Double-Bit Axe |
| 13:57 | Investigar | Horse Collar |
| 13:59 | Crear | Villager (Male) |
| 14:00 | Crear | Villager (Male) |
| 14:03 | Crear | Villager (Male) |
| 15:13 | Construir | Outpost |
| 15:31 | Crear | Villager (Male) |
| 15:44 | Construir | Outpost |
| 16:05 | Construir | Stone Wall |
| 16:07 | Construir | Outpost |
| 16:16 | Construir | Outpost |
| 16:22 | Construir | Outpost |
| 16:57 | Construir | Lumber Camp |
| 17:17 | Construir | Mill |
| 17:23 | Crear | Villager (Male) |
| 17:24 | Crear | Villager (Male) |
| 17:34 | Construir | Outpost |
| 17:43 | Construir | Outpost |
| 17:50 | Construir | Outpost |
| 17:54 | Construir | Outpost |
| 17:59 | Crear | Villager (Male) |
| 18:09 | Construir | House |
| 18:11 | Construir | House |
| 18:12 | Construir | House |
| 18:13 | Construir | House |
| 18:29 | Construir | Mining Camp |
| 18:46 | Construir | Outpost |
| 18:49 | Crear | Villager (Male) |
| 19:10 | Crear | Villager (Male) |
| 19:35 | Construir | Farm |
| 19:38 | Crear | Villager (Male) |
| 20:02 | Construir | Barracks |
| 20:08 | Construir | Stone Wall |
| 20:14 | Construir | Farm |
| 20:15 | Crear | Villager (Male) |
| 20:17 | Construir | House |
| 20:18 | Construir | House |
| 20:21 | Construir | Farm |
| 20:23 | Crear | Villager (Male) |
| 20:44 | Construir | Farm |
| 20:45 | Crear | Villager (Male) |
| 20:52 | Construir | Blacksmith |
| 20:56 | Crear | Villager (Male) |
| 21:09 | Construir | Barracks |
| 21:15 | Construir | Farm |
| 21:34 | Construir | Farm |
| 21:37 | Crear | Villager (Male) |
| 21:57 | Construir | Archery Range |
| 22:00 | Construir | Archery Range |
| 22:07 | Construir | Farm |
| 22:09 | Construir | Farm |
| 22:10 | Crear | Villager (Male) |
| 22:16 | Construir | Lumber Camp |
| 22:25 | Construir | Farm |
| 22:27 | Crear | Villager (Male) |
| 22:49 | Construir | Farm |
| 22:50 | Crear | Villager (Male) |
| 23:01 | Construir | Stone Wall |
| 23:08 | Construir | Gate |
| 23:13 | Construir | Farm |
| 23:17 | Crear | Villager (Male) |
| 23:34 | Construir | Archery Range |
| 23:37 | Crear | Skirmisher |
| 23:37 | Crear | Skirmisher |
| 23:38 | Crear | Skirmisher |
| 23:41 | Crear | Spearman |
| 23:43 | Crear | Spearman |
| 23:44 | Crear | Spearman |
| 23:44 | Crear | Spearman |
| 24:03 | Construir | Mill |
| 24:04 | Crear | Villager (Male) |
| 24:04 | Crear | Villager (Male) |
| 24:07 | Construir | Farm |
| 24:09 | Crear | Villager (Male) |
| 24:17 | Crear | Skirmisher |
| 24:20 | Crear | Skirmisher |
| 24:28 | Construir | Archery Range |
| 24:30 | Crear | Skirmisher |
| 24:31 | Crear | Skirmisher |
| 24:31 | Crear | Skirmisher |
| 24:33 | Crear | Skirmisher |
| 24:34 | Crear | Skirmisher |
| 24:37 | Construir | Farm |
| 24:39 | Crear | Villager (Male) |
| 24:52 | Construir | Farm |
| 24:56 | Construir | Farm |
| 24:58 | Crear | Villager (Male) |
| 25:05 | Construir | Lumber Camp |
| 25:20 | Construir | Farm |
| 25:26 | Crear | Skirmisher |
| 25:27 | Crear | Skirmisher |
| 25:29 | Crear | Skirmisher |
| 25:29 | Crear | Skirmisher |
Build order — starfox
Primeras 150 de 407 acciones detectadas
| 0:06 | Construir | House |
| 0:29 | Crear | Villager (Male) |
| 0:29 | Crear | Villager (Male) |
| 0:54 | Crear | Villager (Male) |
| 1:01 | Construir | House |
| 1:10 | Crear | Villager (Male) |
| 2:28 | Crear | Villager (Male) |
| 2:50 | Construir | Mill |
| 3:01 | Crear | Villager (Male) |
| 3:49 | Crear | Villager (Male) |
| 4:04 | Crear | Villager (Male) |
| 4:25 | Construir | House |
| 4:30 | Crear | Villager (Male) |
| 4:39 | Crear | Villager (Male) |
| 5:11 | Construir | Lumber Camp |
| 5:44 | Construir | House |
| 5:49 | Crear | Villager (Male) |
| 5:58 | Crear | Villager (Male) |
| 7:25 | Construir | Mill |
| 7:29 | Crear | Villager (Male) |
| 7:34 | Crear | Villager (Male) |
| 7:47 | Crear | Villager (Male) |
| 8:30 | Construir | Farm |
| 8:32 | Construir | Farm |
| 8:33 | Construir | Farm |
| 8:35 | Construir | Farm |
| 8:37 | Construir | Farm |
| 8:40 | Construir | Farm |
| 9:48 | Crear | Villager (Male) |
| 9:48 | Crear | Villager (Male) |
| 10:19 | Crear | Villager (Male) |
| 10:43 | Crear | Villager (Male) |
| 11:15 | Construir | Farm |
| 11:17 | Construir | Farm |
| 11:33 | Construir | Farm |
| 11:35 | Construir | Farm |
| 11:45 | Crear | Villager (Male) |
| 13:42 | Construir | Barracks |
| 13:59 | Investigar | Feudal Age |
| 14:24 | Crear | Villager (Male) |
| 14:24 | Crear | Villager (Male) |
| 14:25 | Crear | Villager (Male) |
| 14:55 | Crear | Villager (Male) |
| 15:17 | Construir | Lumber Camp |
| 15:36 | Crear | Militia |
| 15:46 | Crear | Villager (Male) |
| 15:52 | Crear | Militia |
| 15:52 | Crear | Militia |
| 16:05 | Construir | House |
| 16:08 | Construir | House |
| 16:09 | Edad | Edad Feudal |
| 16:10 | Construir | House |
| 16:11 | Construir | House |
| 16:13 | Construir | House |
| 16:21 | Crear | Villager (Male) |
| 17:05 | Construir | Watch Tower |
| 17:16 | Crear | Villager (Male) |
| 17:17 | Crear | Villager (Male) |
| 17:26 | Investigar | Double-Bit Axe |
| 17:47 | Construir | Mining Camp |
| 17:57 | Crear | Villager (Male) |
| 17:58 | Crear | Villager (Male) |
| 17:58 | Crear | Villager (Male) |
| 18:23 | Construir | Market |
| 18:31 | Investigar | Wheelbarrow |
| 19:07 | Crear | Villager (Male) |
| 19:08 | Crear | Villager (Male) |
| 19:28 | Construir | Farm |
| 19:35 | Construir | Farm |
| 19:38 | Construir | Farm |
| 19:43 | Construir | Farm |
| 20:01 | Investigar | Man-at-Arms (upgrade) |
| 20:12 | Construir | Archery Range |
| 20:13 | Construir | Archery Range |
| 20:16 | Construir | Archery Range |
| 20:28 | Investigar | Gold Mining |
| 20:43 | Crear | Villager (Male) |
| 20:44 | Crear | Villager (Male) |
| 20:58 | Crear | Villager (Male) |
| 20:59 | Crear | Villager (Male) |
| 20:59 | Crear | Villager (Male) |
| 21:01 | Crear | Villager (Male) |
| 21:50 | Investigar | Stone Mining |
| 21:58 | Construir | Mining Camp |
| 22:16 | Construir | Blacksmith |
| 22:33 | Crear | Skirmisher |
| 22:33 | Crear | Skirmisher |
| 22:33 | Crear | Skirmisher |
| 22:34 | Crear | Skirmisher |
| 22:34 | Crear | Skirmisher |
| 22:34 | Crear | Skirmisher |
| 22:34 | Crear | Skirmisher |
| 22:35 | Crear | Skirmisher |
| 22:35 | Crear | Skirmisher |
| 22:35 | Crear | Skirmisher |
| 22:36 | Crear | Skirmisher |
| 22:36 | Crear | Skirmisher |
| 23:03 | Crear | Villager (Male) |
| 23:03 | Crear | Villager (Male) |
| 23:05 | Crear | Villager (Male) |
| 24:25 | Investigar | Castle Age |
| 25:22 | Investigar | Forging |
| 25:35 | Crear | Skirmisher |
| 25:36 | Crear | Skirmisher |
| 26:03 | Crear | Villager (Male) |
| 26:04 | Crear | Villager (Male) |
| 26:07 | Crear | Villager (Male) |
| 26:15 | Crear | Villager (Male) |
| 26:15 | Crear | Villager (Male) |
| 27:02 | Construir | House |
| 27:04 | Construir | House |
| 27:05 | Construir | House |
| 27:05 | Edad | Edad de los Castillos |
| 27:06 | Construir | House |
| 27:10 | Crear | Villager (Male) |
| 27:10 | Crear | Villager (Male) |
| 27:11 | Crear | Villager (Male) |
| 27:17 | Investigar | Elite Skirmisher (upgrade) |
| 27:19 | Crear | Cavalry Archer |
| 27:20 | Crear | Cavalry Archer |
| 27:20 | Crear | Cavalry Archer |
| 27:22 | Crear | Skirmisher |
| 27:23 | Crear | Skirmisher |
| 27:23 | Crear | Skirmisher |
| 27:24 | Crear | Cavalry Archer |
| 27:25 | Crear | Cavalry Archer |
| 27:25 | Crear | Cavalry Archer |
| 27:25 | Crear | Cavalry Archer |
| 27:26 | Crear | Cavalry Archer |
| 27:26 | Crear | Cavalry Archer |
| 27:26 | Crear | Cavalry Archer |
| 27:27 | Crear | Cavalry Archer |
| 27:27 | Crear | Cavalry Archer |
| 28:20 | Investigar | Gold Shaft Mining |
| 29:03 | Construir | Monastery |
| 29:26 | Crear | Trade Cart |
| 29:26 | Crear | Trade Cart |
| 29:27 | Investigar | Caravan |
| 29:31 | Crear | Trade Cart |
| 29:32 | Crear | Trade Cart |
| 29:49 | Crear | Cavalry Archer |
| 29:49 | Crear | Cavalry Archer |
| 30:11 | Crear | Monk |
| 30:28 | Investigar | Bow Saw |
| 30:34 | Crear | Villager (Male) |
| 30:34 | Crear | Villager (Male) |
| 30:37 | Crear | Villager (Male) |
| 30:37 | Crear | Villager (Male) |
| 30:56 | Crear | Villager (Male) |
| 31:06 | Crear | Villager (Male) |
Build order — Pikothh
Primeras 150 de 571 acciones detectadas
| 0:05 | Construir | House |
| 0:08 | Construir | House |
| 0:10 | Construir | House |
| 0:12 | Crear | Villager (Male) |
| 0:13 | Crear | Villager (Male) |
| 0:13 | Crear | Villager (Male) |
| 0:13 | Crear | Villager (Male) |
| 0:14 | Crear | Villager (Male) |
| 1:37 | Crear | Villager (Male) |
| 2:43 | Crear | Villager (Male) |
| 2:44 | Crear | Villager (Male) |
| 3:21 | Crear | Villager (Male) |
| 3:22 | Crear | Villager (Male) |
| 3:59 | Crear | Villager (Male) |
| 4:06 | Construir | Mill |
| 4:16 | Crear | Villager (Male) |
| 5:04 | Crear | Villager (Male) |
| 5:04 | Crear | Villager (Male) |
| 5:35 | Crear | Villager (Male) |
| 5:35 | Crear | Villager (Male) |
| 5:50 | Construir | Mining Camp |
| 5:55 | Crear | Villager (Male) |
| 6:20 | Construir | Lumber Camp |
| 6:28 | Crear | Villager (Male) |
| 7:00 | Investigar | Loom |
| 8:53 | Investigar | Feudal Age |
| 9:40 | Construir | House |
| 11:03 | Edad | Edad Feudal |
| 11:13 | Investigar | Double-Bit Axe |
| 11:18 | Investigar | Wheelbarrow |
| 11:18 | Crear | Villager (Male) |
| 11:18 | Crear | Villager (Male) |
| 11:19 | Crear | Villager (Male) |
| 11:58 | Crear | Villager (Male) |
| 12:42 | Crear | Villager (Male) |
| 12:42 | Crear | Villager (Male) |
| 12:46 | Crear | Villager (Male) |
| 13:31 | Construir | Farm |
| 13:36 | Construir | Farm |
| 13:40 | Crear | Villager (Male) |
| 13:52 | Construir | House |
| 13:53 | Construir | House |
| 13:55 | Construir | House |
| 13:56 | Construir | House |
| 13:58 | Construir | House |
| 13:59 | Construir | House |
| 14:01 | Construir | House |
| 14:02 | Construir | House |
| 14:05 | Construir | House |
| 14:12 | Construir | House |
| 14:13 | Construir | House |
| 14:15 | Construir | House |
| 14:17 | Construir | House |
| 14:18 | Construir | House |
| 14:19 | Construir | House |
| 14:21 | Construir | House |
| 14:23 | Construir | House |
| 14:28 | Construir | House |
| 14:29 | Construir | House |
| 14:30 | Construir | House |
| 14:32 | Construir | House |
| 14:36 | Construir | House |
| 14:38 | Construir | House |
| 14:40 | Construir | House |
| 14:42 | Construir | House |
| 14:43 | Construir | House |
| 14:44 | Construir | House |
| 14:50 | Construir | House |
| 14:51 | Construir | House |
| 14:53 | Construir | House |
| 15:01 | Construir | Farm |
| 15:05 | Construir | Farm |
| 15:12 | Construir | Farm |
| 15:15 | Crear | Villager (Male) |
| 15:15 | Crear | Villager (Male) |
| 15:17 | Crear | Villager (Male) |
| 15:38 | Construir | Farm |
| 15:59 | Construir | Farm |
| 16:05 | Crear | Villager (Male) |
| 16:05 | Crear | Villager (Male) |
| 16:30 | Construir | Farm |
| 16:38 | Construir | Farm |
| 16:39 | Construir | Farm |
| 16:40 | Construir | Farm |
| 16:43 | Construir | Farm |
| 16:51 | Construir | Farm |
| 16:54 | Crear | Villager (Male) |
| 17:28 | Crear | Villager (Male) |
| 18:06 | Construir | Blacksmith |
| 18:23 | Construir | Market |
| 18:26 | Construir | Market |
| 18:34 | Construir | Farm |
| 18:37 | Crear | Villager (Male) |
| 18:37 | Crear | Villager (Male) |
| 19:16 | Construir | Lumber Camp |
| 19:27 | Construir | Mining Camp |
| 19:30 | Crear | Villager (Male) |
| 19:31 | Crear | Villager (Male) |
| 19:40 | Investigar | Gold Mining |
| 19:40 | Investigar | Stone Mining |
| 19:56 | Crear | Villager (Male) |
| 20:01 | Construir | Farm |
| 20:35 | Crear | Villager (Male) |
| 20:53 | Construir | Farm |
| 21:12 | Investigar | Castle Age |
| 21:19 | Construir | Farm |
| 21:23 | Crear | Villager (Male) |
| 21:23 | Crear | Villager (Male) |
| 21:56 | Crear | Villager (Male) |
| 21:56 | Crear | Villager (Male) |
| 21:57 | Crear | Villager (Male) |
| 22:15 | Investigar | Scale Barding Armor |
| 22:15 | Investigar | Scale Mail Armor |
| 22:16 | Investigar | Forging |
| 23:52 | Edad | Edad de los Castillos |
| 24:04 | Investigar | Bow Saw |
| 24:11 | Crear | Villager (Male) |
| 24:12 | Crear | Villager (Male) |
| 24:12 | Crear | Villager (Male) |
| 24:12 | Crear | Villager (Male) |
| 24:26 | Construir | Monastery |
| 24:30 | Construir | University |
| 24:34 | Crear | Villager (Male) |
| 24:48 | Construir | Town Center |
| 24:52 | Crear | Villager (Male) |
| 24:52 | Crear | Villager (Male) |
| 24:52 | Crear | Villager (Male) |
| 25:05 | Investigar | Gold Shaft Mining |
| 25:39 | Crear | Villager (Male) |
| 25:39 | Crear | Villager (Male) |
| 25:42 | Crear | Monk |
| 25:42 | Crear | Monk |
| 25:43 | Crear | Monk |
| 25:43 | Crear | Monk |
| 26:07 | Crear | Monk |
| 26:58 | Construir | Barracks |
| 27:00 | Construir | Barracks |
| 27:01 | Construir | Barracks |
| 27:03 | Construir | Barracks |
| 27:05 | Construir | Barracks |
| 27:06 | Construir | Barracks |
| 27:09 | Construir | Barracks |
| 27:15 | Construir | Farm |
| 27:22 | Construir | Farm |
| 27:44 | Construir | Farm |
| 27:47 | Crear | Villager (Male) |
| 27:48 | Crear | Villager (Male) |
| 27:48 | Crear | Villager (Male) |
| 27:49 | Investigar | Hand Cart |
| 27:56 | Investigar | Guard Tower (upgrade) |
Build order — TheJeffreysKill
Primeras 150 de 182 acciones detectadas
| 0:47 | Construir | House |
| 1:15 | Construir | House |
| 1:19 | Construir | House |
| 1:24 | Construir | House |
| 1:31 | Construir | House |
| 2:40 | Crear | Villager (Male) |
| 2:41 | Investigar | Loom |
| 2:42 | Crear | Villager (Male) ×4 |
| 3:53 | Construir | House |
| 4:01 | Crear | Villager (Male) |
| 6:37 | Construir | Mill |
| 7:13 | Construir | Palisade Gate |
| 7:20 | Construir | Palisade Wall |
| 7:24 | Construir | Palisade Wall |
| 7:45 | Crear | Villager (Male) ×3 |
| 9:40 | Crear | Villager (Male) |
| 10:03 | Crear | Villager (Male) |
| 10:33 | Crear | Villager (Male) ×4 |
| 10:33 | Crear | Villager (Male) |
| 10:45 | Crear | Villager (Male) |
| 11:05 | Construir | Lumber Camp |
| 11:24 | Construir | Mill |
| 11:35 | Crear | Villager (Male) ×3 |
| 11:35 | Crear | Villager (Male) |
| 12:40 | Crear | Villager (Male) |
| 13:16 | Construir | Mill |
| 13:41 | Crear | Villager (Male) |
| 13:42 | Crear | Villager (Male) |
| 13:43 | Crear | Villager (Male) |
| 13:43 | Crear | Villager (Male) |
| 15:53 | Investigar | Feudal Age |
| 17:34 | Crear | Villager (Male) |
| 17:35 | Crear | Villager (Male) |
| 17:36 | Crear | Villager (Male) ×3 |
| 18:38 | Construir | Stone Wall |
| 18:41 | Construir | Stone Wall |
| 18:53 | Construir | Gate |
| 19:38 | Construir | Mill |
| 19:54 | Construir | Mill |
| 20:06 | Construir | Mining Camp |
| 20:29 | Construir | Gate |
| 20:54 | Construir | Mining Camp |
| 20:59 | Crear | Villager (Male) ×15 |
| 22:04 | Construir | Farm |
| 22:12 | Construir | Farm |
| 22:23 | Construir | House |
| 22:24 | Construir | House |
| 22:26 | Construir | House |
| 23:11 | Construir | Stone Wall |
| 23:17 | Construir | Stone Wall |
| 23:25 | Construir | Stone Wall |
| 23:42 | Investigar | Stone Mining |
| 23:43 | Investigar | Gold Mining |
| 23:53 | Construir | Farm |
| 24:09 | Construir | Market |
| 24:15 | Construir | Farm |
| 24:21 | Construir | Farm |
| 24:27 | Construir | Farm |
| 24:37 | Construir | Farm |
| 24:41 | Construir | Farm |
| 24:48 | Construir | Farm |
| 24:55 | Construir | Farm |
| 25:46 | Construir | Barracks |
| 26:04 | Construir | House |
| 26:09 | Construir | House |
| 26:14 | Construir | House |
| 26:18 | Construir | House |
| 26:48 | Construir | Farm |
| 27:28 | Construir | Farm |
| 27:46 | Construir | Farm |
| 28:02 | Construir | Blacksmith |
| 28:26 | Crear | Villager (Male) |
| 28:26 | Crear | Villager (Male) |
| 28:27 | Crear | Villager (Male) |
| 28:27 | Crear | Villager (Male) |
| 28:28 | Crear | Villager (Male) |
| 28:29 | Investigar | Wheelbarrow |
| 28:31 | Investigar | Town Watch |
| 28:38 | Investigar | Horse Collar |
| 29:19 | Investigar | Castle Age |
| 30:01 | Construir | Farm |
| 30:27 | Investigar | Double-Bit Axe |
| 31:16 | Construir | Archery Range |
| 31:21 | Construir | Archery Range |
| 31:31 | Construir | Archery Range |
| 31:48 | Construir | Stable |
| 32:04 | Crear | Villager (Male) ×14 |
| 32:28 | Investigar | Fletching |
| 32:31 | Investigar | Padded Archer Armor |
| 32:32 | Investigar | Scale Barding Armor |
| 32:34 | Investigar | Forging |
| 32:51 | Crear | Trade Cart ×5 |
| 33:37 | Construir | Farm |
| 33:42 | Construir | Farm |
| 33:47 | Construir | Farm |
| 33:53 | Construir | Farm |
| 34:01 | Construir | Farm |
| 34:11 | Construir | Farm |
| 34:20 | Construir | Farm |
| 34:29 | Construir | Farm |
| 35:02 | Construir | Castle |
| 35:30 | Construir | Gate |
| 35:47 | Construir | Stone Wall |
| 35:59 | Construir | Stone Wall |
| 36:08 | Investigar | Light Cavalry (upgrade) |
| 36:13 | Investigar | Bloodlines |
| 36:14 | Investigar | Husbandry |
| 36:25 | Investigar | Hand Cart |
| 36:27 | Investigar | Town Patrol |
| 36:40 | Construir | Mining Camp |
| 36:49 | Construir | Mining Camp |
| 37:26 | Construir | Farm |
| 37:32 | Investigar | Imperial Age |
| 37:49 | Construir | Town Center |
| 37:57 | Construir | Farm |
| 38:18 | Investigar | Kamandaran |
| 38:44 | Investigar | Crossbowman (upgrade) |
| 39:31 | Construir | Town Center |
| 39:48 | Crear | Villager (Male) ×8 |
| 40:27 | Investigar | Thumb Ring |
| 40:35 | Crear | Archer ×15 |
| 41:11 | Crear | Knight ×5 |
| 42:01 | Crear | Villager (Male) ×9 |
| 42:28 | Crear | Villager (Male) ×3 |
| 42:46 | Crear | Trade Cart ×7 |
| 42:58 | Investigar | Caravan |
| 43:13 | Investigar | Coinage |
| 43:14 | Investigar | Guilds |
| 43:37 | Investigar | Parthian Tactics |
| 44:24 | Construir | House |
| 44:28 | Construir | House |
| 44:29 | Construir | House |
| 44:31 | Construir | House |
| 44:34 | Construir | House |
| 44:36 | Construir | House |
| 44:38 | Construir | House |
| 44:39 | Construir | House |
| 44:41 | Construir | House |
| 44:47 | Construir | House |
| 44:48 | Construir | House |
| 44:49 | Construir | House |
| 44:51 | Construir | House |
| 45:00 | Crear | Villager (Male) |
| 45:01 | Crear | Villager (Male) |
| 45:02 | Crear | Villager (Male) |
| 45:02 | Crear | Villager (Male) |
| 45:15 | Crear | Villager (Male) |
| 45:15 | Crear | Villager (Male) |
| 45:16 | Crear | Villager (Male) |
| 45:20 | Crear | Villager (Male) |
Build order — FalteringHarpy5
Primeras 150 de 470 acciones detectadas
| 0:29 | Crear | Villager (Male) |
| 0:29 | Crear | Villager (Male) |
| 0:29 | Crear | Villager (Male) |
| 0:29 | Crear | Villager (Male) |
| 0:30 | Crear | Villager (Male) |
| 0:33 | Construir | House |
| 0:35 | Construir | House |
| 0:41 | Construir | House |
| 2:22 | Crear | Villager (Male) |
| 2:53 | Crear | Villager (Male) |
| 2:53 | Crear | Villager (Male) |
| 3:28 | Crear | Villager (Male) |
| 3:28 | Crear | Villager (Male) |
| 3:29 | Crear | Villager (Male) |
| 4:42 | Crear | Villager (Male) |
| 4:43 | Crear | Villager (Male) |
| 4:43 | Crear | Villager (Male) |
| 5:12 | Crear | Villager (Male) |
| 5:12 | Crear | Villager (Male) |
| 5:13 | Crear | Villager (Male) |
| 5:54 | Crear | Villager (Male) |
| 5:55 | Crear | Villager (Male) |
| 5:55 | Crear | Villager (Male) |
| 6:02 | Construir | House |
| 6:59 | Construir | Mill |
| 7:12 | Crear | Villager (Male) |
| 7:12 | Crear | Villager (Male) |
| 7:13 | Crear | Villager (Male) |
| 7:26 | Construir | Mining Camp |
| 8:00 | Crear | Villager (Male) |
| 8:05 | Investigar | Loom |
| 8:20 | Construir | Barracks |
| 8:38 | Crear | Villager (Male) |
| 8:40 | Crear | Villager (Male) |
| 9:25 | Construir | Lumber Camp |
| 10:29 | Investigar | Feudal Age |
| 12:59 | Crear | Villager (Male) |
| 13:01 | Crear | Villager (Male) |
| 13:10 | Investigar | Double-Bit Axe |
| 13:37 | Construir | Archery Range |
| 13:44 | Construir | Farm |
| 13:54 | Construir | Farm |
| 14:02 | Crear | Villager (Male) |
| 14:08 | Construir | House |
| 14:40 | Construir | Palisade Wall |
| 14:59 | Construir | Market |
| 15:07 | Crear | Villager (Male) |
| 15:09 | Crear | Villager (Male) |
| 15:17 | Construir | Farm |
| 15:30 | Construir | Palisade Wall |
| 15:38 | Crear | Archer |
| 15:39 | Crear | Archer |
| 15:40 | Crear | Archer |
| 15:40 | Crear | Archer |
| 15:41 | Crear | Archer |
| 15:41 | Crear | Archer |
| 15:45 | Crear | Spearman |
| 15:45 | Crear | Spearman |
| 16:08 | Construir | Blacksmith |
| 16:20 | Construir | House |
| 16:49 | Construir | House |
| 17:34 | Construir | Mining Camp |
| 17:43 | Investigar | Forging |
| 17:43 | Investigar | Fletching |
| 17:55 | Construir | Farm |
| 18:32 | Investigar | Castle Age |
| 19:07 | Construir | Palisade Gate |
| 20:05 | Construir | Stable |
| 20:49 | Construir | Farm |
| 20:52 | Construir | Farm |
| 20:54 | Construir | Farm |
| 20:58 | Construir | Farm |
| 20:59 | Construir | Farm |
| 21:00 | Construir | Farm |
| 21:02 | Investigar | Horse Collar |
| 21:12 | Crear | Scout Cavalry |
| 21:13 | Crear | Scout Cavalry |
| 21:13 | Crear | Scout Cavalry |
| 21:18 | Crear | Camel Scout |
| 21:19 | Crear | Camel Scout |
| 21:19 | Crear | Camel Scout |
| 21:24 | Investigar | Crossbowman (upgrade) |
| 21:31 | Construir | Farm |
| 21:32 | Crear | Villager (Male) |
| 22:11 | Construir | Siege Workshop |
| 22:14 | Crear | Villager (Male) |
| 22:55 | Construir | House |
| 22:56 | Construir | House |
| 23:20 | Investigar | Gold Mining |
| 23:24 | Investigar | Bow Saw |
| 23:27 | Crear | Villager (Male) |
| 23:32 | Construir | House |
| 23:47 | Construir | Farm |
| 23:59 | Investigar | Padded Archer Armor |
| 24:05 | Construir | Farm |
| 24:08 | Construir | Farm |
| 24:11 | Crear | Villager (Male) |
| 24:11 | Crear | Villager (Male) |
| 24:12 | Crear | Villager (Male) |
| 24:30 | Crear | Battering Ram |
| 24:48 | Construir | Farm |
| 25:09 | Investigar | Pikeman (upgrade) |
| 25:23 | Construir | Farm |
| 26:21 | Investigar | Iron Casting |
| 26:22 | Investigar | Scale Mail Armor |
| 26:34 | Crear | Villager (Male) |
| 26:35 | Crear | Villager (Male) |
| 26:35 | Crear | Villager (Male) |
| 26:40 | Crear | Archer |
| 26:40 | Crear | Archer |
| 26:41 | Crear | Archer |
| 26:41 | Crear | Archer |
| 26:43 | Crear | Archer |
| 26:52 | Crear | Spearman |
| 26:52 | Crear | Spearman |
| 27:14 | Construir | Farm |
| 27:28 | Crear | Villager (Male) |
| 27:28 | Crear | Villager (Male) |
| 27:29 | Crear | Villager (Male) |
| 27:37 | Construir | Farm |
| 28:42 | Crear | Archer |
| 28:43 | Crear | Archer |
| 28:43 | Crear | Archer |
| 28:43 | Crear | Archer |
| 28:43 | Crear | Archer |
| 28:44 | Crear | Archer |
| 28:44 | Crear | Archer |
| 28:44 | Crear | Archer |
| 28:45 | Crear | Archer |
| 28:59 | Construir | Archery Range |
| 29:25 | Construir | Watch Tower |
| 30:22 | Investigar | Thumb Ring |
| 30:28 | Crear | Villager (Male) |
| 30:29 | Crear | Villager (Male) |
| 30:29 | Crear | Villager (Male) |
| 30:30 | Crear | Villager (Male) |
| 30:31 | Crear | Villager (Male) |
| 30:51 | Investigar | Elite Skirmisher (upgrade) |
| 31:04 | Investigar | Gambesons |
| 31:13 | Investigar | Husbandry |
| 31:33 | Investigar | Gold Shaft Mining |
| 31:51 | Investigar | Light Cavalry (upgrade) |
| 31:55 | Crear | Scout Cavalry |
| 31:56 | Crear | Scout Cavalry |
| 31:56 | Crear | Scout Cavalry |
| 31:57 | Crear | Scout Cavalry |
| 31:57 | Crear | Scout Cavalry |
| 32:23 | Crear | Archer |
| 32:23 | Crear | Archer |
| 32:23 | Crear | Archer |
Cronología de la partida
| 1:01 | eminaltntss · wall_segment Palisade Wall x9 |
| 1:15 | HardPain94 · wall_segment Palisade Wall x11 |
| 2:16 | HardPain94 · wall_segment Palisade Wall x9 |
| 2:28 | Terric · wall_segment Palisade Wall x4 |
| 7:20 | TheJeffreysKill · wall_segment Palisade Wall x5 |
| 7:22 | eminaltntss · first_building Barracks |
| 7:24 | TheJeffreysKill · wall_segment Palisade Wall x5 |
| 8:20 | FalteringHarpy5 · first_building Barracks |
| 11:03 | Pikothh · age_up feudal |
| 11:12 | kichakick98 · age_up feudal |
| 12:12 | Terric · age_up feudal |
| 12:46 | HardPain94 · age_up feudal |
| 12:59 | HardPain94 · wall_segment Stone Wall x9 |
| 13:11 | eminaltntss · age_up feudal |
| 13:30 | Terric · wall_segment Stone Wall x7 |
| 13:37 | FalteringHarpy5 · first_building Archery Range |
| 13:42 | starfox · first_building Barracks |
| 13:56 | eminaltntss · first_building Stable |
| 14:03 | eminaltntss · first_building Archery Range |
| 14:40 | FalteringHarpy5 · wall_segment Palisade Wall x10 |
| 14:51 | eminaltntss · wall_segment Stone Wall x10 |
| 15:30 | FalteringHarpy5 · wall_segment Palisade Wall x13 |
| 16:05 | HardPain94 · wall_segment Stone Wall x1 |
| 16:09 | starfox · age_up feudal |
| 18:12 | FalteringHarpy5 · first_market_sell 100 stone |
| 18:12 | FalteringHarpy5 · first_market_buy 100 food |
| 18:38 | TheJeffreysKill · wall_segment Stone Wall x9 |
| 18:41 | TheJeffreysKill · wall_segment Stone Wall x5 |
| 19:36 | Terric · first_building Barracks |
| 20:01 | kichakick98 · age_up castle |
| 20:02 | HardPain94 · first_building Barracks |
| 20:05 | FalteringHarpy5 · first_building Stable |
| 20:08 | HardPain94 · wall_segment Stone Wall x7 |
| 20:12 | starfox · first_building Archery Range |
| 20:22 | kichakick98 · first_market_buy 100 wood |
| 21:32 | Terric · age_up castle |
| 21:57 | HardPain94 · first_building Archery Range |
| 22:11 | FalteringHarpy5 · first_building Siege Workshop |
| 23:01 | HardPain94 · wall_segment Stone Wall x14 |
| 23:11 | TheJeffreysKill · wall_segment Stone Wall x7 |
| 23:17 | TheJeffreysKill · wall_segment Stone Wall x2 |
| 23:25 | TheJeffreysKill · wall_segment Stone Wall x12 |
| 23:52 | Pikothh · age_up castle |
| 23:56 | kichakick98 · first_building Castle |
| 24:07 | starfox · first_market_sell 100 wood |
| 24:16 | starfox · first_market_buy 100 food |
| 24:26 | Pikothh · first_building Monastery |
| 24:33 | Terric · first_market_buy 100 food |
| 25:01 | Terric · first_building Stable |
| 25:46 | TheJeffreysKill · first_building Barracks |
| 26:01 | HardPain94 · wall_segment Stone Wall x8 |
| 26:58 | Pikothh · first_building Barracks |
| 27:05 | starfox · age_up castle |
| 27:23 | HardPain94 · wall_segment Stone Wall x9 |
| 28:36 | Terric · wall_segment Stone Wall x1 |
| 28:56 | HardPain94 · wall_segment Stone Wall x9 |
| 29:03 | starfox · first_building Monastery |
| 29:20 | eminaltntss · age_up castle |
| 29:30 | eminaltntss · first_building Castle |
| 30:26 | HardPain94 · first_building Stable |
| 31:16 | TheJeffreysKill · first_building Archery Range |
| 31:25 | HardPain94 · age_up castle |
| 31:48 | TheJeffreysKill · first_building Stable |
| 32:07 | HardPain94 · first_building Siege Workshop |
| 32:51 | kichakick98 · wall_segment Stone Wall x9 |
| 33:12 | HardPain94 · first_building Castle |
| 33:52 | kichakick98 · age_up imperial |
| 33:57 | Pikothh · age_up imperial |
| 34:49 | Pikothh · first_building Stable |
| 35:02 | TheJeffreysKill · first_building Castle |
| 35:47 | TheJeffreysKill · wall_segment Stone Wall x3 |
| 35:59 | TheJeffreysKill · wall_segment Stone Wall x12 |
| 36:18 | eminaltntss · first_building Siege Workshop |
| 36:33 | starfox · first_building Castle |
| 36:45 | kichakick98 · wall_segment Stone Wall x11 |
| 36:48 | kichakick98 · wall_segment Stone Wall x12 |
| 36:54 | eminaltntss · first_building Monastery |
| 37:36 | HardPain94 · first_building Monastery |
| 37:53 | Pikothh · first_building Castle |
| 39:27 | Terric · first_building Castle |
| 39:41 | kichakick98 · wall_segment Stone Wall x9 |
| 40:08 | Terric · first_building Monastery |
| 40:19 | HardPain94 · wall_segment Stone Wall x18 |
| 41:11 | eminaltntss · age_up imperial |
| 41:31 | FalteringHarpy5 · first_building Castle |
| 43:06 | TheJeffreysKill · first_market_buy 100 food |
| 43:35 | Terric · age_up imperial |
| 44:07 | HardPain94 · age_up imperial |
| 44:46 | eminaltntss · first_market_sell 500 wood |
| 45:27 | FalteringHarpy5 · first_building Monastery |
| 45:34 | kichakick98 · first_building Stable |
| 46:01 | kichakick98 · first_building Monastery |
| 46:11 | TheJeffreysKill · first_building Monastery |
| 47:23 | starfox · age_up imperial |
| 47:52 | TheJeffreysKill · first_building Siege Workshop |
| 53:19 | Terric · resign |
| 60:55 | kichakick98 · first_building Barracks |
| 63:03 | HardPain94 · wall_segment Stone Wall x6 |
| 64:26 | HardPain94 · wall_segment Stone Wall x8 |
| 65:47 | HardPain94 · first_market_sell 100 food |
| 66:49 | HardPain94 · wall_segment Stone Wall x8 |
| 73:34 | eminaltntss · wall_segment Stone Wall x14 |
[ ANÁLISIS IA · 1 CRÉDITO ]
¿Qué pasó realmente en esta partida?
Wolo.gg analiza cada decisión: build order, eco, micro, errores típicos por bracket. Análisis personalizado por WhatsApp o Discord en 30 segundos.
Guía civ
Turcos
Guía mapa
Black Forest
Perfil
Jugador #14838116